Sharks vs Nordiques

Created - 19 mars 2024 at 13:53

Goals
1 2 3 T
Sharks 0 1 2 3
Nordiques 1 3 0 4
Shots
1 2 3 T
Sharks 15 11 20 46
Nordiques 15 12 10 37

GoalsPenalties
1st period
1. Nordiques , Joel Farabee 19 (Alexander Wennberg 25) at 15:17
K'Andre Miller (SJS) for Hooking (Minor) at 1:42
2nd period
2. Nordiques , Alexander Wennberg 23 (Joel Farabee 15) at 9:30 (PP)
3. Nordiques , Alex Newhook 17 (Tyson Foerster 1, Travis Sanheim 17) at 12:51
4. Sharks , Shea Theodore 5 (Travis Boyd 11) at 15:58
5. Nordiques , Kirby Dach 13 (Travis Sanheim 18, Martin Fehervary 16) at 19:53
Joseph Veleno (SJS) for Cross-checking (Minor) at 9:21
3rd period
6. Sharks , Joshua Norris 30 (Mason McTavish 13, K'Andre Miller 20) at 9:22
7. Sharks , Boone Jenner 15 (Shea Theodore 19, Mason McTavish 14) at 17:01
No Penalty
Goalie Stats
Darcy Kuemper (SJS), 33 saves from 37 shots - (0,892), L, 21-15-5, 59:14 minutes
Semyon Varlamov (QUE), 43 saves from 46 shots - (0,935), W, 25-17-3, 60:00 minutes
3 StarsOfficial
1 - Joel Farabee (QUE)
2 - Shea Theodore (SJS)
3 - Alexander Wennberg (QUE)
Referees : Graham Skilliter and Dan Kelly
Linesman : Shandor Alphonso and Pierre Racicot
Game Note
No Game Note
Finance
Level 1 -- Attendance: 6000 (100,00%) -- Ticket Income $480,000
Level 2 -- Attendance: 4614 (92,28%) -- Ticket Income $230,700
Level 3 -- Attendance: 2000 (100,00%) -- Ticket Income $50,000
Level 4 -- Attendance: 4000 (100,00%) -- Ticket Income $40,000
Luxury Box -- Attendance: 1000 (100,00%) -- Ticket Income $160,000
Game was played at the Colisee.
Total Attendance: 17614 (97,86%)
Total Ticket Income: $960,700
Other Income: $470,743
Total Income: $1,431,443



Team Name Goals Shots Shots Attemp Shots Blocked PIM HIT PP PK FO%
Sharks 34679144150 / 0 (0,00%147%
Nordiques 43774110151 / 2 (50%)053%

Sharks
Player Name POS G A P +/- PIM HIT SHT SB MP PP MP PP SHT PK MP PK SHT FO% FOT GA TA
Alex PietrangeloD000-2012122:450:0001:3600% 020
Boone JennerC/LW/RW1011017018:090:0001:14050% 240
Brandon TanevLW/RW000000019:230:0001:1400% 000
Brett KulakD0000010118:410:0001:3300% 001
Calvin De HaanD0000010014:190:0000:0000% 001
Dylan LarkinC/LW/RW000-1022417:540:0000:54050% 221
Jonathan HuberdeauC/LW/RW000-1002016:400:0000:0000% 100
Joseph VelenoC0000201016:320:0000:00045% 2000
Joshua NorrisC10110111116:100:0000:00060% 1502
Justin BraunD000-2001222:160:0001:0700% 002
K'Andre MillerD0112225019:540:0000:0000% 011
Kasperi KapanenLW/RW0000034016:330:0000:0000% 010
Lukas ReichelLW/RW0000014016:330:0000:0000% 000
Mason McTavishC/LW0221012116:100:0000:0000% 010
Oliver WahlstromRW000000008:090:0000:0000% 001
Robert ThomasC/RW000-1013117:090:0000:54045% 2230
Shea TheodoreD1122002222:240:0000:0000% 000
Travis BoydC/RW011000008:090:0000:0000% 200
Nordiques
Player Name POS G A P +/- PIM HIT SHT SB MP PP MP PP SHT PK MP PK SHT FO% FOT GA TA
Alex NewhookC/LW101-1013114:420:0000:0000% 010
Alexander WennbergC/LW/RW1121002114:170:5010:00038% 1602
Cole SmithLW000-1020014:010:0000:0000% 110
Hudson FaschingRW000-1012014:010:0000:0000% 010
Joel FarabeeLW1121013114:170:5000:000100% 100
Kirby DachC/RW1011023017:001:1800:0000% 010
Lucas RaymondLW/RW0001009017:001:1800:0000% 010
Marco RossiC000-1012114:420:0000:00040% 1000
Martin FehervaryD0110010219:550:5000:0000% 010
Mattias EkholmD0000012021:121:1800:0000% 000
Paul ByronC/LW/RW000-1012014:420:0000:0000% 001
Pius SuterC/RW0001000014:170:5000:0000% 000
Ryan LindgrenD0000020118:530:0000:0000% 003
Sebastian AhoC/LW/RW0001003017:001:1800:00076% 2120
Shayne GostisbehereD0000012121:121:1810:0000% 014
Simon BenoitD0000001318:530:0000:0000% 002
Travis SanheimD0220003019:550:5000:0000% 002
Tyson FoersterC011-1010014:010:0000:00047% 1500

Sharks

5 vs 5 Forward
Line #Left WingCenterRight WingPHYDFOFWanted %Time %Time Play
1Jonathan HuberdeauRobert ThomasDylan Larkin0232928%15:55
2Mason McTavishJoshua NorrisBoone Jenner0232929%16:30
3Kasperi KapanenJoseph VelenoLukas Reichel0232929%16:33
4Brandon TanevTravis BoydOliver Wahlstrom0321314%8:09
5 vs 5 Defense
Line #DefenseDefensePHYDFOFWanted %Time %Time Play
1Alex PietrangeloJustin Braun0233537%21:09
2Shea TheodoreK'Andre Miller0323534%19:29
3Calvin De HaanBrett Kulak0322424%13:40
4Brett KulakShea Theodore04165%2:49
Power Play Forward
Line #Left WingCenterRight WingPHYDFOFWanted %Time %Time Play
1Dylan LarkinJoshua NorrisMason McTavish014550%0:00
2Jonathan HuberdeauRobert ThomasBoone Jenner014450%0:00
Power Play Defense
Line #DefenseDefensePHYDFOFWanted %Time %Time Play
1Alex PietrangeloBrett Kulak023550%0:00
2Shea TheodoreK'Andre Miller023450%0:00
Penalty Kill 4 Players Forward
Line #CenterWingPHYDFOFWanted %Time %Time Play
1Boone JennerBrandon Tanev0415558%1:14
2Robert ThomasDylan Larkin0414542%0:54
Penalty Kill 4 Players Defense
Line #DefenseDefensePHYDFOFWanted %Time %Time Play
1Alex PietrangeloBrett Kulak0505541%0:52
2Brett KulakK'Andre Miller0504559%1:16
Penalty Kill 3 Players
Line #WingPHYDFOFWanted %Time %Time PlayDefenseDefensePHYDFOFWanted %Time %Time Play
1Boone Jenner050550%0:00 Alex PietrangeloBrett Kulak050550%0:00
2Robert Thomas050450%0:00 Justin BraunK'Andre Miller050450%0:00
4 vs 4 Forward
Line #CenterWingPHYDFOFWanted %Time %Time Play
1Boone JennerJonathan Huberdeau032550%0:00
2Dylan LarkinKasperi Kapanen032450%0:00
4 vs 4 Defense
Line #DefensePHYDFOFWanted %Time %Time Play
1Alex PietrangeloShea Theodore032550%0:00
2Brett KulakK'Andre Miller032450%0:00
Last Minutes Offensive
Left WingCenterRight WingDefenseDefense
Jonathan HuberdeauDylan LarkinBoone JennerAlex PietrangeloShea Theodore
Last Minutes Defensive
Left WingCenterRight WingDefenseDefense
Boone JennerDylan LarkinRobert ThomasBrett KulakAlex Pietrangelo
Time
Total ForwardTotal DefenseLast Minutes OffensiveLast Minutes Defensive
60:00 60:00 0:450:00
Extra Forwards
Normal PowerPlayPenalty Kill
Dylan Larkin, Boone Jenner, Jonathan HuberdeauBoone Jenner, Dylan LarkinJonathan Huberdeau
Extra Defensemen
Normal PowerPlayPenalty Kill
K'Andre Miller, Shea Theodore, Justin BraunK'Andre Miller, Justin BraunK'Andre Miller
Penalty Shots
Joshua Norris, Boone Jenner, Dylan Larkin, Mason McTavish, Jonathan Huberdeau
Goalie
Darcy Kuemper, Ukko-Pekka Luukkonen
Custom OT Lines Forwards
Jonathan Huberdeau, Joshua Norris, Dylan Larkin, Boone Jenner, Lukas Reichel, Robert Thomas, Travis Boyd, Mason McTavish, Brandon Tanev, Kasperi Kapanen
Custom OT Lines Defensemen
Alex Pietrangelo, Shea Theodore, Justin Braun, K'Andre Miller, Brett Kulak
Scratches
None

Nordiques

5 vs 5 Forward
Line #Left WingCenterRight WingPHYDFOFWanted %Time %Time Play
1Lucas RaymondSebastian AhoKirby Dach0232526%14:29
2Joel FarabeeAlexander WennbergPius Suter0232524%13:27
3Alex NewhookMarco RossiPaul Byron0232526%14:42
4Cole SmithTyson FoersterHudson Fasching0232525%14:01
5 vs 5 Defense
Line #DefenseDefensePHYDFOFWanted %Time %Time Play
1Mattias EkholmShayne Gostisbehere0233434%19:09
2Travis SanheimMartin Fehervary0233334%19:05
3Ryan LindgrenSimon Benoit0233333%18:25
4Mattias EkholmShayne Gostisbehere02300%0:00
Power Play Forward
Line #Left WingCenterRight WingPHYDFOFWanted %Time %Time Play
1Lucas RaymondSebastian AhoKirby Dach0235061%1:18
2Joel FarabeeAlexander WennbergPius Suter0235039%0:50
Power Play Defense
Line #DefenseDefensePHYDFOFWanted %Time %Time Play
1Mattias EkholmShayne Gostisbehere0235061%1:18
2Travis SanheimMartin Fehervary0235039%0:50
Penalty Kill 4 Players Forward
Line #CenterWingPHYDFOFWanted %Time %Time Play
1Alexander WennbergPius Suter023500%0:00
2Sebastian AhoKirby Dach023500%0:00
Penalty Kill 4 Players Defense
Line #DefenseDefensePHYDFOFWanted %Time %Time Play
1Travis SanheimMartin Fehervary023500%0:00
2Mattias EkholmShayne Gostisbehere023500%0:00
Penalty Kill 3 Players
Line #WingPHYDFOFWanted %Time %Time PlayDefenseDefensePHYDFOFWanted %Time %Time Play
1Alexander Wennberg023500%0:00 Travis SanheimMartin Fehervary023500%0:00
2Sebastian Aho023500%0:00 Mattias EkholmShayne Gostisbehere023500%0:00
4 vs 4 Forward
Line #CenterWingPHYDFOFWanted %Time %Time Play
1Sebastian AhoKirby Dach023500%0:00
2Alexander WennbergJoel Farabee023500%0:00
4 vs 4 Defense
Line #DefensePHYDFOFWanted %Time %Time Play
1Mattias EkholmShayne Gostisbehere023500%0:00
2Travis SanheimMartin Fehervary023500%0:00
Last Minutes Offensive
Left WingCenterRight WingDefenseDefense
Lucas RaymondSebastian AhoKirby DachMattias EkholmShayne Gostisbehere
Last Minutes Defensive
Left WingCenterRight WingDefenseDefense
Lucas RaymondSebastian AhoKirby DachMattias EkholmShayne Gostisbehere
Time
Total ForwardTotal DefenseLast Minutes OffensiveLast Minutes Defensive
60:00 60:00 0:001:13
Extra Forwards
Normal PowerPlayPenalty Kill
Marco Rossi, Alex Newhook, Paul ByronMarco Rossi, Alex NewhookPaul Byron
Extra Defensemen
Normal PowerPlayPenalty Kill
Ryan Lindgren, Simon Benoit, Mattias EkholmRyan Lindgren, Ryan LindgrenSimon Benoit
Penalty Shots
Kirby Dach, Lucas Raymond, Pius Suter, Hudson Fasching, Alexander Wennberg
Goalie
Semyon Varlamov, Jaroslav Halak
Custom OT Lines Forwards
Sebastian Aho, Kirby Dach, Lucas Raymond, Alexander Wennberg, Joel Farabee, Pius Suter, Marco Rossi, Alex Newhook, Paul Byron, Tyson Foerster
Custom OT Lines Defensemen
Mattias Ekholm, Shayne Gostisbehere, Travis Sanheim, Martin Fehervary, Ryan Lindgren
Scratches
Philippe Myers (Healthy), Artyom Anisimov (Sprained Right Knee Injury), Pavel Francouz (Healthy)


Play-by-Play

1st period


0:01 of 1st period - Sebastian Aho wins face-off versus Robert Thomas in neutral zone.
0:26 of 1st period - Mattias Ekholm is hit by Joshua Norris and loses puck.
0:31 of 1st period - Snap shot by Boone Jenner.
0:31 of 1st period - Deflect By Joshua Norris.
0:31 of 1st period - Shot Blocked by Alexander Wennberg.
0:31 of 1st period - Puck is out of play.
0:32 of 1st period - Joshua Norris wins face-off versus Marco Rossi in Nordiques zone.
0:41 of 1st period - Wrist shot by Boone Jenner.
0:41 of 1st period - Deflect By Joshua Norris.
0:41 of 1st period - Shot Blocked by Martin Fehervary.
0:41 of 1st period - Puck is out of play.
0:42 of 1st period - Marco Rossi wins face-off versus Joseph Veleno in Nordiques zone.
0:42 of 1st period - Marco Rossi is hit by Lukas Reichel.
0:48 of 1st period - Calvin De Haan is hit by Marco Rossi and loses puck.
0:57 of 1st period - Wrist shot by Kasperi Kapanen.
0:57 of 1st period - Deflect By Lukas Reichel.
0:57 of 1st period - Shot Misses the Net.
0:57 of 1st period - Puck is out of play.
0:58 of 1st period - Tyson Foerster wins face-off versus Travis Boyd in Nordiques zone.
1:25 of 1st period - Ryan Lindgren is hit by K'Andre Miller and loses puck.
1:42 of 1st period - Minor Penalty to K'Andre Miller for Hooking.
1:43 of 1st period - Boone Jenner wins face-off versus Sebastian Aho in Sharks zone.
2:44 of 1st period - Snap shot by Lucas Raymond.
2:44 of 1st period - Shot Misses the Net.
2:58 of 1st period - Slapshot by Sebastian Aho.
2:58 of 1st period - Shot Blocked by Brandon Tanev.
3:00 of 1st period - Slapshot by Shayne Gostisbehere.
3:00 of 1st period - Stopped by Darcy Kuemper without a rebound.
3:01 of 1st period - Robert Thomas wins face-off versus Alexander Wennberg in Sharks zone.
3:42 of 1st period - Penalty to K'Andre Miller is over, K'Andre Miller is back on ice.
3:57 of 1st period - Snap shot by Tyson Foerster.
3:57 of 1st period - Shot Blocked by Brett Kulak.
4:33 of 1st period - Slapshot by Mason McTavish.
4:33 of 1st period - Shot Blocked by Simon Benoit.
5:27 of 1st period - Snap shot by Boone Jenner.
5:27 of 1st period - Stopped by Semyon Varlamov without a rebound.
5:28 of 1st period - Joshua Norris wins face-off versus Alexander Wennberg in Nordiques zone.
5:37 of 1st period - Slapshot by Joshua Norris.
5:37 of 1st period - Stopped by Semyon Varlamov with a rebound.
5:59 of 1st period - Snap shot by Lukas Reichel.
5:59 of 1st period - Deflect By Alexander Wennberg.
5:59 of 1st period - Stopped by Semyon Varlamov without a rebound.
6:00 of 1st period - Sebastian Aho wins face-off versus Joseph Veleno in Nordiques zone.
6:19 of 1st period - Mattias Ekholm is hit by Kasperi Kapanen and loses puck.
6:36 of 1st period - Paul Byron is hit by Robert Thomas and loses puck.
7:53 of 1st period - Wrist shot by Marco Rossi.
7:53 of 1st period - Stopped by Darcy Kuemper without a rebound.
7:54 of 1st period - Robert Thomas wins face-off versus Marco Rossi in Sharks zone.
7:59 of 1st period - Travis Sanheim is hit by Dylan Larkin and loses puck.
8:10 of 1st period - Slapshot by Robert Thomas.
8:10 of 1st period - Shot Blocked by Marco Rossi.
8:12 of 1st period - Slapshot by Dylan Larkin.
8:12 of 1st period - Deflect By Robert Thomas.
8:12 of 1st period - Stopped by Semyon Varlamov without a rebound.
8:13 of 1st period - Joshua Norris wins face-off versus Sebastian Aho in Nordiques zone.
8:20 of 1st period - Snap shot by Boone Jenner.
8:20 of 1st period - Stopped by Semyon Varlamov with a rebound.
8:22 of 1st period - Snap shot by Boone Jenner.
8:22 of 1st period - Stopped by Semyon Varlamov without a rebound.
8:23 of 1st period - Joshua Norris wins face-off versus Sebastian Aho in Nordiques zone.
8:44 of 1st period - Snap shot by Lucas Raymond.
8:44 of 1st period - Shot Blocked by Joshua Norris.
9:23 of 1st period - Wrist shot by Kirby Dach.
9:23 of 1st period - Deflect By Sebastian Aho.
9:23 of 1st period - Shot Misses the Net.
9:23 of 1st period - Puck is out of play.
9:24 of 1st period - Robert Thomas wins face-off versus Tyson Foerster in Sharks zone.
10:31 of 1st period - Snap shot by Robert Thomas.
10:31 of 1st period - Deflect By Dylan Larkin.
10:31 of 1st period - Shot Blocked by Shayne Gostisbehere.
10:31 of 1st period - Puck is out of play.
10:32 of 1st period - Alexander Wennberg wins face-off versus Joseph Veleno in Nordiques zone.
10:37 of 1st period - Wrist shot by Joel Farabee.
10:37 of 1st period - Stopped by Darcy Kuemper with a rebound.
10:45 of 1st period - Snap shot by Kasperi Kapanen.
10:45 of 1st period - Shot Misses the Net.
10:59 of 1st period - Alex Pietrangelo is hit by Martin Fehervary and loses puck.
11:40 of 1st period - Wrist shot by Lukas Reichel.
11:40 of 1st period - Stopped by Semyon Varlamov with a rebound.
11:42 of 1st period - Snap shot by Joseph Veleno.
11:42 of 1st period - Stopped by Semyon Varlamov with a rebound.
11:44 of 1st period - Snap shot by Lukas Reichel.
11:44 of 1st period - Shot Misses the Net.
11:46 of 1st period - Slapshot by K'Andre Miller.
11:46 of 1st period - Stopped by Semyon Varlamov with a rebound.
11:48 of 1st period - Wrist shot by Lukas Reichel.
11:48 of 1st period - Shot Misses the Net.
13:03 of 1st period - Snap shot by Marco Rossi.
13:03 of 1st period - Stopped by Darcy Kuemper with a rebound.
13:05 of 1st period - Slapshot by Alex Newhook.
13:05 of 1st period - Shot Blocked by Dylan Larkin.
13:07 of 1st period - Snap shot by Paul Byron.
13:07 of 1st period - Stopped by Darcy Kuemper with a rebound.
13:09 of 1st period - Wrist shot by Simon Benoit.
13:09 of 1st period - Stopped by Darcy Kuemper without a rebound.
13:10 of 1st period - Alexander Wennberg wins face-off versus Joshua Norris in Sharks zone.
13:19 of 1st period - Snap shot by Joshua Norris.
13:19 of 1st period - Shot Misses the Net.
13:45 of 1st period - Slapshot by Kasperi Kapanen.
13:45 of 1st period - Stopped by Semyon Varlamov with a rebound.
14:15 of 1st period - Snap shot by Tyson Foerster.
14:15 of 1st period - Shot Misses the Net.
14:38 of 1st period - Slapshot by Joel Farabee.
14:38 of 1st period - Stopped by Darcy Kuemper without a rebound.
14:39 of 1st period - Joseph Veleno wins face-off versus Alexander Wennberg in Sharks zone.
14:44 of 1st period - Shea Theodore is hit by Ryan Lindgren and loses puck.
14:51 of 1st period - Lukas Reichel is hit by Joel Farabee and loses puck.
15:15 of 1st period - Wrist shot by Joel Farabee.
15:15 of 1st period - Deflect By Alexander Wennberg.
15:15 of 1st period - Stopped by Darcy Kuemper with a rebound.
15:17 of 1st period - Backhand shot by Joel Farabee.
15:17 of 1st period - Goal by Joel Farabee - Sharks : 0 - Nordiques : 1.
15:18 of 1st period - Sebastian Aho wins face-off versus Robert Thomas in neutral zone.
15:23 of 1st period - Snap shot by Lucas Raymond.
15:23 of 1st period - Stopped by Darcy Kuemper with a rebound.
15:25 of 1st period - Slapshot by Lucas Raymond.
15:25 of 1st period - Deflect By Dylan Larkin.
15:25 of 1st period - Shot Misses the Net.
15:25 of 1st period - Puck is out of play.
15:26 of 1st period - Sebastian Aho wins face-off versus Robert Thomas in Sharks zone.
15:31 of 1st period - Wrist shot by Lucas Raymond.
15:31 of 1st period - Stopped by Darcy Kuemper without a rebound.
15:32 of 1st period - Robert Thomas wins face-off versus Tyson Foerster in Sharks zone.
15:49 of 1st period - Wrist shot by Robert Thomas.
15:49 of 1st period - Stopped by Semyon Varlamov with a rebound.
15:59 of 1st period - Kasperi Kapanen is hit by Shayne Gostisbehere and loses puck.
16:19 of 1st period - Kasperi Kapanen is hit by Alex Newhook and loses puck.
17:03 of 1st period - Slapshot by Lukas Reichel.
17:03 of 1st period - Stopped by Semyon Varlamov with a rebound.
17:09 of 1st period - Lukas Reichel is hit by Paul Byron and loses puck.
17:22 of 1st period - Wrist shot by Kasperi Kapanen.
17:22 of 1st period - Stopped by Semyon Varlamov with a rebound.
17:36 of 1st period - Slapshot by Paul Byron.
17:36 of 1st period - Stopped by Darcy Kuemper with a rebound.
17:38 of 1st period - Snap shot by Travis Sanheim.
17:38 of 1st period - Stopped by Darcy Kuemper without a rebound.
17:39 of 1st period - Sebastian Aho wins face-off versus Robert Thomas in Sharks zone.
17:48 of 1st period - Wrist shot by Lucas Raymond.
17:48 of 1st period - Stopped by Darcy Kuemper with a rebound.
17:50 of 1st period - Slapshot by Kirby Dach.
17:50 of 1st period - Stopped by Darcy Kuemper with a rebound.
17:52 of 1st period - Wrist shot by Lucas Raymond.
17:52 of 1st period - Shot Misses the Net.
17:54 of 1st period - Slapshot by Sebastian Aho.
17:54 of 1st period - Shot Blocked by Dylan Larkin.
18:06 of 1st period - Alexander Wennberg is hit by Boone Jenner and loses puck.
18:53 of 1st period - Off-side.
18:54 of 1st period - Robert Thomas wins face-off versus Alexander Wennberg in neutral zone.
19:13 of 1st period - Slapshot by Dylan Larkin.
19:13 of 1st period - Stopped by Semyon Varlamov with a rebound.
19:47 of 1st period - Wrist shot by Boone Jenner.
19:47 of 1st period - Stopped by Semyon Varlamov with a rebound.
Goals for this period are 0 for Sharks vs 1 for Nordiques.
Shots for this period are 15 for Sharks vs 15 for Nordiques.

2nd period


0:01 of 2nd period - Joshua Norris wins face-off versus Alexander Wennberg in neutral zone.
0:04 of 2nd period - Slapshot by K'Andre Miller.
0:04 of 2nd period - Shot Misses the Net.
0:06 of 2nd period - Snap shot by Boone Jenner.
0:06 of 2nd period - Shot Misses the Net.
0:08 of 2nd period - Slapshot by Joshua Norris.
0:08 of 2nd period - Shot Misses the Net.
0:10 of 2nd period - Slapshot by K'Andre Miller.
0:10 of 2nd period - Stopped by Semyon Varlamov without a rebound.
0:11 of 2nd period - Dylan Larkin wins face-off versus Sebastian Aho in Nordiques zone.
0:18 of 2nd period - Slapshot by Lucas Raymond.
0:18 of 2nd period - Stopped by Darcy Kuemper with a rebound.
0:20 of 2nd period - Slapshot by Simon Benoit.
0:20 of 2nd period - Shot Misses the Net.
0:22 of 2nd period - Wrist shot by Lucas Raymond.
0:22 of 2nd period - Shot Misses the Net.
0:24 of 2nd period - Snap shot by Kirby Dach.
0:24 of 2nd period - Shot Misses the Net.
0:26 of 2nd period - Snap shot by Ryan Lindgren.
0:26 of 2nd period - Deflect By Lucas Raymond.
0:26 of 2nd period - Stopped by Darcy Kuemper with a rebound.
0:28 of 2nd period - Slapshot by Simon Benoit.
0:28 of 2nd period - Shot Blocked by Dylan Larkin.
0:38 of 2nd period - Joel Farabee is hit by Mason McTavish and loses puck.
0:47 of 2nd period - Wrist shot by Alexander Wennberg.
0:47 of 2nd period - Deflect By Joel Farabee.
0:47 of 2nd period - Shot Misses the Net.
0:47 of 2nd period - Puck is out of play.
0:48 of 2nd period - Joshua Norris wins face-off versus Tyson Foerster in Sharks zone.
0:59 of 2nd period - Slapshot by Joshua Norris.
0:59 of 2nd period - Stopped by Semyon Varlamov with a rebound.
1:22 of 2nd period - Icing by Justin Braun.
1:23 of 2nd period - Robert Thomas wins face-off versus Alexander Wennberg in Sharks zone.
1:44 of 2nd period - Snap shot by Robert Thomas.
1:44 of 2nd period - Shot Misses the Net.
1:46 of 2nd period - Snap shot by Robert Thomas.
1:46 of 2nd period - Stopped by Semyon Varlamov without a rebound.
1:47 of 2nd period - Tyson Foerster wins face-off versus Joseph Veleno in Nordiques zone.
1:53 of 2nd period - Off-side.
1:54 of 2nd period - Joseph Veleno wins face-off versus Cole Smith in neutral zone.
1:57 of 2nd period - Wrist shot by Shea Theodore.
1:57 of 2nd period - Shot Misses the Net.
1:59 of 2nd period - Slapshot by Lukas Reichel.
1:59 of 2nd period - Shot Misses the Net.
2:07 of 2nd period - Slapshot by Kasperi Kapanen.
2:07 of 2nd period - Shot Misses the Net.
2:25 of 2nd period - Slapshot by Sebastian Aho.
2:25 of 2nd period - Shot Misses the Net.
2:27 of 2nd period - Slapshot by Ryan Lindgren.
2:27 of 2nd period - Deflect By Sebastian Aho.
2:27 of 2nd period - Shot Misses the Net.
2:27 of 2nd period - Puck is out of play.
2:28 of 2nd period - Joseph Veleno wins face-off versus Alexander Wennberg in Sharks zone.
3:57 of 2nd period - Simon Benoit is hit by K'Andre Miller and loses puck.
4:16 of 2nd period - Wrist shot by Kirby Dach.
4:16 of 2nd period - Shot Misses the Net.
4:18 of 2nd period - Wrist shot by Kirby Dach.
4:18 of 2nd period - Stopped by Darcy Kuemper without a rebound.
4:19 of 2nd period - Sebastian Aho wins face-off versus Joshua Norris in Sharks zone.
4:43 of 2nd period - Wrist shot by Sebastian Aho.
4:43 of 2nd period - Shot Blocked by Justin Braun.
4:45 of 2nd period - Slapshot by Mattias Ekholm.
4:45 of 2nd period - Shot Misses the Net.
4:47 of 2nd period - Snap shot by Lucas Raymond.
4:47 of 2nd period - Shot Blocked by Alex Pietrangelo.
4:49 of 2nd period - Wrist shot by Lucas Raymond.
4:49 of 2nd period - Stopped by Darcy Kuemper without a rebound.
4:50 of 2nd period - Marco Rossi wins face-off versus Robert Thomas in Sharks zone.
6:10 of 2nd period - Icing by Simon Benoit.
6:11 of 2nd period - Sebastian Aho wins face-off versus Jonathan Huberdeau in Nordiques zone.
6:34 of 2nd period - Icing by Ryan Lindgren.
6:35 of 2nd period - Marco Rossi wins face-off versus Joseph Veleno in Nordiques zone.
8:12 of 2nd period - Slapshot by Kasperi Kapanen.
8:12 of 2nd period - Shot Misses the Net.
9:18 of 2nd period - Snap shot by Sebastian Aho.
9:18 of 2nd period - Stopped by Darcy Kuemper without a rebound.
9:19 of 2nd period - Joseph Veleno wins face-off versus Marco Rossi in Sharks zone.
9:21 of 2nd period - Minor Penalty to Joseph Veleno for Cross-checking.
9:22 of 2nd period - Joel Farabee wins face-off versus Boone Jenner in Sharks zone.
9:30 of 2nd period - Snap shot by Alexander Wennberg.
9:30 of 2nd period - Goal by Alexander Wennberg - Sharks : 0 - Nordiques : 2.
9:31 of 2nd period - Joseph Veleno wins face-off versus Marco Rossi in neutral zone.
9:56 of 2nd period - Jonathan Huberdeau is hit by Tyson Foerster and loses puck.
10:19 of 2nd period - Snap shot by Sebastian Aho.
10:19 of 2nd period - Shot Blocked by Robert Thomas.
10:21 of 2nd period - Snap shot by Travis Sanheim.
10:21 of 2nd period - Shot Blocked by Shea Theodore.
10:23 of 2nd period - Wrist shot by Sebastian Aho.
10:23 of 2nd period - Stopped by Darcy Kuemper with a rebound.
12:49 of 2nd period - Snap shot by Tyson Foerster.
12:49 of 2nd period - Shot Blocked by Justin Braun.
12:51 of 2nd period - Wrist shot by Alex Newhook.
12:51 of 2nd period - Goal by Alex Newhook - Sharks : 0 - Nordiques : 3.
12:52 of 2nd period - Marco Rossi wins face-off versus Joseph Veleno in neutral zone.
14:01 of 2nd period - Off-side.
14:02 of 2nd period - Alexander Wennberg wins face-off versus Travis Boyd in neutral zone.
14:27 of 2nd period - Slapshot by Kasperi Kapanen.
14:27 of 2nd period - Stopped by Semyon Varlamov without a rebound.
14:28 of 2nd period - Tyson Foerster wins face-off versus Joseph Veleno in Nordiques zone.
14:43 of 2nd period - Icing by Alex Pietrangelo.
14:44 of 2nd period - Sebastian Aho wins face-off versus Joseph Veleno in Sharks zone.
15:11 of 2nd period - Marco Rossi is hit by Alex Pietrangelo.
15:38 of 2nd period - Wrist shot by Dylan Larkin.
15:38 of 2nd period - Shot Misses the Net.
15:40 of 2nd period - Wrist shot by Alex Pietrangelo.
15:40 of 2nd period - Stopped by Semyon Varlamov with a rebound.
15:42 of 2nd period - Wrist shot by Dylan Larkin.
15:42 of 2nd period - Stopped by Semyon Varlamov with a rebound.
15:58 of 2nd period - Slapshot by Shea Theodore.
15:58 of 2nd period - Deflect By Hudson Fasching.
15:58 of 2nd period - Goal by Shea Theodore - Sharks : 1 - Nordiques : 3.
15:59 of 2nd period - Joshua Norris wins face-off versus Marco Rossi in neutral zone.
16:06 of 2nd period - Wrist shot by Mason McTavish.
16:06 of 2nd period - Shot Misses the Net.
16:08 of 2nd period - Wrist shot by Mason McTavish.
16:08 of 2nd period - Shot Blocked by Simon Benoit.
16:10 of 2nd period - Slapshot by Shea Theodore.
16:10 of 2nd period - Shot Blocked by Ryan Lindgren.
16:12 of 2nd period - Wrist shot by Joshua Norris.
16:12 of 2nd period - Stopped by Semyon Varlamov without a rebound.
16:13 of 2nd period - Sebastian Aho wins face-off versus Robert Thomas in Nordiques zone.
16:26 of 2nd period - Slapshot by Sebastian Aho.
16:26 of 2nd period - Shot Blocked by Dylan Larkin.
16:40 of 2nd period - Joshua Norris is hit by Mattias Ekholm and loses puck.
17:01 of 2nd period - Alex Pietrangelo is hit by Cole Smith and loses puck.
17:30 of 2nd period - Snap shot by Travis Boyd.
17:30 of 2nd period - Shot Hit the Post.
17:58 of 2nd period - Snap shot by Paul Byron.
17:58 of 2nd period - Shot Misses the Net.
18:04 of 2nd period - Paul Byron is hit by Calvin De Haan and loses puck.
18:21 of 2nd period - Wrist shot by Kirby Dach.
18:21 of 2nd period - Shot Misses the Net.
18:23 of 2nd period - Snap shot by Lucas Raymond.
18:23 of 2nd period - Shot Blocked by Shea Theodore.
18:25 of 2nd period - Wrist shot by Shayne Gostisbehere.
18:25 of 2nd period - Shot Misses the Net.
18:27 of 2nd period - Slapshot by Mattias Ekholm.
18:27 of 2nd period - Stopped by Darcy Kuemper without a rebound.
18:28 of 2nd period - Robert Thomas wins face-off versus Sebastian Aho in Sharks zone.
18:49 of 2nd period - Backhand shot by Kirby Dach.
18:49 of 2nd period - Shot Misses the Net.
18:51 of 2nd period - Snap shot by Lucas Raymond.
18:51 of 2nd period - Stopped by Darcy Kuemper with a rebound.
18:57 of 2nd period - Snap shot by Sebastian Aho.
18:57 of 2nd period - Deflect By Lucas Raymond.
18:57 of 2nd period - Shot Misses the Net.
18:57 of 2nd period - Puck is out of play.
18:58 of 2nd period - Joseph Veleno wins face-off versus Tyson Foerster in Sharks zone.
19:05 of 2nd period - Snap shot by Kasperi Kapanen.
19:05 of 2nd period - Stopped by Semyon Varlamov without a rebound.
19:06 of 2nd period - Tyson Foerster wins face-off versus Joseph Veleno in Nordiques zone.
19:37 of 2nd period - Slapshot by Joshua Norris.
19:37 of 2nd period - Stopped by Semyon Varlamov with a rebound.
19:39 of 2nd period - Slapshot by K'Andre Miller.
19:39 of 2nd period - Stopped by Semyon Varlamov with a rebound.
19:41 of 2nd period - Slapshot by K'Andre Miller.
19:41 of 2nd period - Shot Blocked by Martin Fehervary.
19:51 of 2nd period - Slapshot by Travis Sanheim.
19:51 of 2nd period - Stopped by Darcy Kuemper with a rebound.
19:53 of 2nd period - Snap shot by Kirby Dach.
19:53 of 2nd period - Goal by Kirby Dach - Sharks : 1 - Nordiques : 4.
19:54 of 2nd period - Alexander Wennberg wins face-off versus Joshua Norris in neutral zone.
Goals for this period are 1 for Sharks vs 3 for Nordiques.
Shots for this period are 11 for Sharks vs 12 for Nordiques.

3rd period


0:01 of 3rd period - Tyson Foerster wins face-off versus Joseph Veleno in neutral zone.
0:03 of 3rd period - Off-side.
0:04 of 3rd period - Tyson Foerster wins face-off versus Joseph Veleno in neutral zone.
0:31 of 3rd period - Snap shot by Lukas Reichel.
0:31 of 3rd period - Shot Blocked by Joel Farabee.
0:33 of 3rd period - Wrist shot by K'Andre Miller.
0:33 of 3rd period - Stopped by Semyon Varlamov with a rebound.
0:35 of 3rd period - Slapshot by Boone Jenner.
0:35 of 3rd period - Deflect By Joel Farabee.
0:35 of 3rd period - Shot Misses the Net.
0:35 of 3rd period - Puck is out of play.
0:36 of 3rd period - Sebastian Aho wins face-off versus Joshua Norris in Nordiques zone.
0:48 of 3rd period - Snap shot by Justin Braun.
0:48 of 3rd period - Stopped by Semyon Varlamov without a rebound.
0:49 of 3rd period - Robert Thomas wins face-off versus Alexander Wennberg in Nordiques zone.
1:15 of 3rd period - Simon Benoit is hit by Kasperi Kapanen and loses puck.
1:28 of 3rd period - Marco Rossi is hit by Brett Kulak and loses puck.
1:45 of 3rd period - Slapshot by Boone Jenner.
1:45 of 3rd period - Shot Misses the Net.
1:47 of 3rd period - Snap shot by Mason McTavish.
1:47 of 3rd period - Stopped by Semyon Varlamov without a rebound.
1:48 of 3rd period - Sebastian Aho wins face-off versus Joshua Norris in Nordiques zone.
1:57 of 3rd period - Snap shot by Kirby Dach.
1:57 of 3rd period - Shot Blocked by Mason McTavish.
1:59 of 3rd period - Backhand shot by Lucas Raymond.
1:59 of 3rd period - Stopped by Darcy Kuemper without a rebound.
2:00 of 3rd period - Robert Thomas wins face-off versus Tyson Foerster in Sharks zone.
2:22 of 3rd period - Icing by Robert Thomas.
2:23 of 3rd period - Alexander Wennberg wins face-off versus Joshua Norris in Sharks zone.
3:15 of 3rd period - Slapshot by Alex Newhook.
3:15 of 3rd period - Stopped by Darcy Kuemper with a rebound.
3:17 of 3rd period - Slapshot by Martin Fehervary.
3:17 of 3rd period - Shot Misses the Net.
3:19 of 3rd period - Slapshot by Travis Sanheim.
3:19 of 3rd period - Stopped by Darcy Kuemper with a rebound.
3:37 of 3rd period - Oliver Wahlstrom is hit by Hudson Fasching and loses puck.
3:56 of 3rd period - Wrist shot by Joshua Norris.
3:56 of 3rd period - Stopped by Semyon Varlamov without a rebound.
3:57 of 3rd period - Sebastian Aho wins face-off versus Robert Thomas in Nordiques zone.
4:10 of 3rd period - Snap shot by Jonathan Huberdeau.
4:10 of 3rd period - Stopped by Semyon Varlamov with a rebound.
4:12 of 3rd period - Snap shot by Jonathan Huberdeau.
4:12 of 3rd period - Stopped by Semyon Varlamov with a rebound.
4:51 of 3rd period - Snap shot by Marco Rossi.
4:51 of 3rd period - Shot Misses the Net.
5:19 of 3rd period - Slapshot by Cole Smith.
5:19 of 3rd period - Deflect By Hudson Fasching.
5:19 of 3rd period - Stopped by Darcy Kuemper with a rebound.
5:21 of 3rd period - Wrist shot by Tyson Foerster.
5:21 of 3rd period - Shot Misses the Net.
6:04 of 3rd period - Icing by Joseph Veleno.
6:05 of 3rd period - Joseph Veleno wins face-off versus Tyson Foerster in Sharks zone.
6:14 of 3rd period - Snap shot by Lukas Reichel.
6:14 of 3rd period - Stopped by Semyon Varlamov without a rebound.
6:15 of 3rd period - Alexander Wennberg wins face-off versus Robert Thomas in Nordiques zone.
7:14 of 3rd period - Slapshot by Alex Newhook.
7:14 of 3rd period - Stopped by Darcy Kuemper with a rebound.
8:10 of 3rd period - Justin Braun is hit by Ryan Lindgren and loses puck.
9:06 of 3rd period - Slapshot by Alex Newhook.
9:06 of 3rd period - Shot Misses the Net.
9:16 of 3rd period - Snap shot by Boone Jenner.
9:16 of 3rd period - Stopped by Semyon Varlamov with a rebound.
9:18 of 3rd period - Slapshot by K'Andre Miller.
9:18 of 3rd period - Stopped by Semyon Varlamov with a rebound.
9:22 of 3rd period - Wrist shot by Mason McTavish.
9:22 of 3rd period - Deflect By Joshua Norris.
9:22 of 3rd period - Goal by Joshua Norris - Sharks : 2 - Nordiques : 4.
9:23 of 3rd period - Tyson Foerster wins face-off versus Robert Thomas in neutral zone.
10:05 of 3rd period - Brandon Tanev is hit by Cole Smith and loses puck.
10:25 of 3rd period - Icing by Tyson Foerster.
10:26 of 3rd period - Joseph Veleno wins face-off versus Tyson Foerster in Nordiques zone.
10:37 of 3rd period - Slapshot by Shayne Gostisbehere.
10:37 of 3rd period - Stopped by Darcy Kuemper with a rebound.
10:41 of 3rd period - Wrist shot by Hudson Fasching.
10:41 of 3rd period - Deflect By Kasperi Kapanen.
10:41 of 3rd period - Stopped by Darcy Kuemper with a rebound.
10:43 of 3rd period - Slapshot by Mattias Ekholm.
10:43 of 3rd period - Stopped by Darcy Kuemper without a rebound.
10:44 of 3rd period - Robert Thomas wins face-off versus Alexander Wennberg in Sharks zone.
11:14 of 3rd period - Joseph Veleno is hit by Kirby Dach and loses puck.
12:05 of 3rd period - Snap shot by Joshua Norris.
12:05 of 3rd period - Stopped by Semyon Varlamov with a rebound.
12:07 of 3rd period - Slapshot by Alex Pietrangelo.
12:07 of 3rd period - Deflect By Mason McTavish.
12:07 of 3rd period - Shot Blocked by Simon Benoit.
12:07 of 3rd period - Puck is out of play.
12:08 of 3rd period - Sebastian Aho wins face-off versus Robert Thomas in Nordiques zone.
12:35 of 3rd period - Mattias Ekholm is hit by Kasperi Kapanen and loses puck.
13:38 of 3rd period - Off-side.
13:39 of 3rd period - Sebastian Aho wins face-off versus Robert Thomas in neutral zone.
13:41 of 3rd period - Off-side.
13:42 of 3rd period - Sebastian Aho wins face-off versus Robert Thomas in neutral zone.
14:15 of 3rd period - Slapshot by Lucas Raymond.
14:15 of 3rd period - Stopped by Darcy Kuemper without a rebound.
14:16 of 3rd period - Joshua Norris wins face-off versus Alexander Wennberg in Sharks zone.
15:22 of 3rd period - Sebastian Aho is hit by Dylan Larkin and loses puck.
15:49 of 3rd period - Slapshot by Sebastian Aho.
15:49 of 3rd period - Stopped by Darcy Kuemper without a rebound.
15:50 of 3rd period - Joshua Norris wins face-off versus Marco Rossi in Sharks zone.
15:59 of 3rd period - Slapshot by Boone Jenner.
15:59 of 3rd period - Stopped by Semyon Varlamov with a rebound.
16:07 of 3rd period - Wrist shot by Mason McTavish.
16:07 of 3rd period - Shot Misses the Net.
16:11 of 3rd period - Snap shot by Joshua Norris.
16:11 of 3rd period - Stopped by Semyon Varlamov with a rebound.
16:13 of 3rd period - Slapshot by Shea Theodore.
16:13 of 3rd period - Shot Misses the Net.
16:23 of 3rd period - Snap shot by Joshua Norris.
16:23 of 3rd period - Stopped by Semyon Varlamov with a rebound.
16:37 of 3rd period - Wrist shot by Mason McTavish.
16:37 of 3rd period - Stopped by Semyon Varlamov with a rebound.
16:39 of 3rd period - Wrist shot by Joshua Norris.
16:39 of 3rd period - Stopped by Semyon Varlamov with a rebound.
16:41 of 3rd period - Snap shot by Joshua Norris.
16:41 of 3rd period - Stopped by Semyon Varlamov with a rebound.
16:43 of 3rd period - Wrist shot by Joshua Norris.
16:43 of 3rd period - Shot Misses the Net.
16:45 of 3rd period - Slapshot by Calvin De Haan.
16:45 of 3rd period - Shot Misses the Net.
16:57 of 3rd period - Slapshot by Boone Jenner.
16:57 of 3rd period - Shot Blocked by Alex Newhook.
16:59 of 3rd period - Snap shot by Shea Theodore.
16:59 of 3rd period - Stopped by Semyon Varlamov with a rebound.
17:01 of 3rd period - Snap shot by Boone Jenner.
17:01 of 3rd period - Goal by Boone Jenner - Sharks : 3 - Nordiques : 4.
17:02 of 3rd period - Joseph Veleno wins face-off versus Tyson Foerster in neutral zone.
17:14 of 3rd period - Wrist shot by Tyson Foerster.
17:14 of 3rd period - Shot Misses the Net.
19:14 of 3rd period - Sharks, Darcy Kuemper is pulled from the net.
19:14 of 3rd period - Slapshot by Alex Pietrangelo.
19:14 of 3rd period - Stopped by Semyon Varlamov without a rebound.
19:15 of 3rd period - Peter Laviolette call a timeout for Sharks.
19:15 of 3rd period - Sebastian Aho wins face-off versus Dylan Larkin in Nordiques zone.
19:20 of 3rd period - Boone Jenner is hit by Kirby Dach and loses puck.
Goals for this period are 2 for Sharks vs 0 for Nordiques.
Shots for this period are 20 for Sharks vs 10 for Nordiques.




Output by the SimonT Hockey Simulator (STHS) for Eric Tremblay - Original Page W3C HTML5 Valid
Hockey Simulator - Hockey Simulation - Hockey Manager